[Event "*** Titled Tuesday Blitz"]
[Site "Chess.com"]
[Date "2020.05.26"]
[Round "1"]
[White "penguingm1"]
[Black "kuba2006"]
[Result "1-0"]
[WhiteElo "2859"]
[BlackElo "2418"]
[TimeControl "180+1"]
[EndTime "10:06:47 PDT"]
[Termination "penguingm1 won by checkmate"]

1. d4 Nf6 2. c4 d6 3. Nc3 Nbd7 4.
e4 e5 5. Nge2 g6 6. f3 Bg7 7.
Bg5 c6 8. Qd2 O-O 9. d5 c5 10. g4 Qa5 11. Ng3 a6 12. h4 b5 13. h5 Nb6 14. Bh6 Ra7 15. cxb5 axb5 16. Nxb5 Bxh6 17. Qxa5 Rxa5 18. hxg6 Bf4 19. gxh7+ Nxh7 20.
Nh5 Rd8 21. Be2 Ba6 22. Nc3 Bxe2 23. Nxe2 Be3 24. Neg3 Nc4 25. b3 Bd4 26. Rd1 Ne3 27.
Rd2 Bc3 28. a4 Ng5 29. Ke2 Bxd2 30. Kxd2 Ng2 31. Nf6+ Kg7 32. Nf5+ Kxf6 33. Rh6# 1-0

[Event "*** Titled Tuesday Blitz"]
[Site "Chess.com"]
[Date "2020.05.26"]
[Round "1"]
[White "atwalcb"]
[Black "Quaternitychess"]
[Result "0-1"]
[WhiteElo "2401"]
[BlackElo "2785"]
[TimeControl "180+1"]
[EndTime "10:06:48 PDT"]
[Termination "Quaternitychess won by resignation"]

1. d4 Nf6 2. Bg5 d5 3. Bxf6 gxf6 4. e3 e5 5. g3 Nc6 6. Ne2 Bg4 7.
Bg2 Qd7 8. Nbc3 O-O-O 9. Nxd5 exd4 10. Nxf6 Bxe2 11. Nxd7 Bxd1 12. Nxf8 Bxc2 13. Bh3+ Kb8 14. Nd7+ Ka8 15. Rc1 Be4 16. O-O d3 17. Rfd1 Rxd7 18. Bxd7 Ne5 19. Bh3 Nf3+ 20. Kh1 c6 21. Bg2 Rd8 22. Rc4 f5 23. g4 b5 24. Rc3 fxg4 25. a3 Kb7 26. Rc5 Kb6 27. b4 a5 28. Rh5 axb4 29. axb4 d2 30. h3 Bc2 31.
Bxf3 gxf3 32. Rg1 d1=Q 33. Rxd1 Rxd1+ 34. Kh2 Rb1 35. Kg3 Rxb4 36. Rh6 Rc4 37. Kxf3 b4 0-1

[Event "*** Titled Tuesday Blitz"]
[Site "Chess.com"]
[Date "2020.05.26"]
[Round "1"]
[White "Irina_Barchuk"]
[Black "GelmanAlexander"]
[Result "0-1"]
[WhiteElo "2216"]
[BlackElo "2569"]
[TimeControl "180+1"]
[EndTime "10:06:48 PDT"]
[Termination "GelmanAlexander won by checkmate"]

1. e4 c5 2. Nf3 e6 3. d4 cxd4 4. Nxd4 d6 5. Nc3 a6 6. Be3 b5 7. Qd2 Bb7 8. f3 Nd7 9. O-O-O Ngf6 10. g4 Nb6 11. Qf2 Nfd7 12. g5 Rc8 13. h4 Rxc3 14.
bxc3 d5 15. e5 Na4 16. f4 Qa5 17. Nb3 Ba3+ 18. Kd2 Qxc3+ 19. Ke2 Qxc2+ 20. Rd2 Nc3+ 21. Kf3 Qe4+ 22. Kg3 Qxh1 23. Bg2 Ne4+ 24. Bxe4 Qxe4 25. Nc5 Bxc5 26. Bxc5 Nxc5 27. Qxc5 d4 28. Qxd4 Qf3+ 29. Kh2 O-O 30. Rf2 Qh1+ 31. Kg3 g6 32. Qb6 Rc8 33.
Qd6 Rc3+ 34. Kg4 Qh3# 0-1

[Event "*** Titled Tuesday Blitz"]
[Site "Chess.com"]
[Date "2020.05.26"]
[Round "1"]
[White "Sweafty"]
[Black "nadirsm"]
[Result "1-0"]
[WhiteElo "2510"]
[BlackElo "2135"]
[TimeControl "180+1"]
[EndTime "10:06:48 PDT"]
[Termination "Sweafty won on time"]

1. d4 d5 2. c4 c6 3. Nc3 e6 4.
Nf3 f5 5. g3 Nf6 6. Bg2 Bd6 7.
O-O O-O 8. b3 Nbd7 9. Nd2 Qe8 10. Bb2 Qh5 11. f3 f4 12. g4 Qf7 13. Qe1 e5 14.
dxe5 Bc5+ 15. Kh1 Nxe5 16. Na4 Bd6 17. cxd5 cxd5 18. Qd1 Nfxg4 19. fxg4 Nxg4 20. Nf3 Ne3 21. Qd4 Nf5 22. Ng5 Qg6 23. Qxd5+ Kh8 24. Be4 1-0

[Event "*** Titled Tuesday Blitz"]
[Site "Chess.com"]
[Date "2020.05.26"]
[Round "1"]
[White "LiemLe"]
[Black "plumalka"]
[Result "1-0"]
[WhiteElo "2943"]
[BlackElo "2441"]
[TimeControl "180+1"]
[EndTime "10:06:49 PDT"]
[Termination "LiemLe won by resignation"]

1. Nf3 c5 2. c4 Nc6 3. Nc3 e5 4. e3 Nf6 5. d4 cxd4 6. exd4 e4 7. Ne5 Bb4 8. Be2 O-O 9. O-O Re8 10. Bf4 d6 11. Nxc6 bxc6 12. Qa4 Qb6 13. a3 Bxc3 14.
bxc3 Bd7 15. Rab1 Qd8 16. Bxd6 Bf5 17. Be5 e3 18. Rbe1 Ne4 19. fxe3 Nxc3 20. Qb3 Nxe2+ 21.
Rxe2 Qg5 22. Qb7 Qg6 23. Ref2 Be6 24. d5 cxd5 25. cxd5 Bh3 26. Bg3 Bg4 27. Rxf7 Rad8 28. d6 Rxe3 29. Qe7 Qxf7 30. Qxf7+ 1-0

[Event "*** Titled Tuesday Blitz"]
[Site "Chess.com"]
[Date "2020.05.26"]
[Round "1"]
[White "Firouzja2003"]
[Black "eightbyeightchess"]
[Result "1-0"]
[WhiteElo "3167"]
[BlackElo "2458"]
[TimeControl "180+1"]
[EndTime "10:06:50 PDT"]
[Termination "Firouzja2003 won by resignation"]

1. e4 e6 2. d4 d5 3. Nc3 Nf6 4. e5 Nfd7 5. f4 c5 6. Nf3 Nc6 7. Be3 cxd4 8. Nxd4 Bc5 9. Qd2 a6 10. Nce2 O-O 11. c3 Nxd4 12. cxd4 Bb6 13. Ng3 f6 14. O-O-O Nb8 15. Kb1 Bd7 16. Bd3 Bb5 17. f5 fxe5 18. dxe5 d4 19. Bxb5 dxe3 20. Qxd8 Bxd8 21. Bc4 Nc6 22.
Bxe6+ Kh8 23. Rhe1 Bh4 24. Rxe3 Rad8 25. Bd7 Bg5 26. Re4 Ne7 27. e6 Nxf5 28. Nxf5 Rxf5 29. e7 Bxe7 30. Bxf5 Rxd1+ 31. Kc2 Re1 32. Rxe1 1-0

[Event "*** Titled Tuesday Blitz"]
[Site "Chess.com"]
[Date "2020.05.26"]
[Round "1"]
[White "attack2mateU"]
[Black "nitpicker"]
[Result "1-0"]
[WhiteElo "2670"]
[BlackElo "2311"]
[TimeControl "180+1"]
[EndTime "10:06:51 PDT"]
[Termination "attack2mateU won on time"]

1. e4 c5 2. Nf3 e6 3. c3 d5 4. exd5 exd5 5. d4 Bd6 6. Bb5+ Nc6 7. O-O Ne7 8. dxc5 Bxc5 9. Re1 O-O 10. Bd3 Bf5 11. Be3 Bxe3 12. Rxe3 d4 13. cxd4 Qd6 14. Nc3 Rfe8 15. d5 Nb4 16. Bxf5 Nxf5 17. Rxe8+ Rxe8 18. a3 Na6 19. Qa4 Rd8 20. Rd1 Qb6 21. b4 Nc7 22. Qc2 Nd6 23. Na4 Qa6 24. Qxc7 Rc8 25. Qd7 h6 26. Nc5 Qb6 27. h3 Rd8 28. Qg4 Nb5 29. Re1 Nxa3 30. Re7 1-0

[Event "*** Titled Tuesday Blitz"]
[Site "Chess.com"]
[Date "2020.05.26"]
[Round "1"]
[White "EndGameDestroyer"]
[Black "Mikhail_Biryukov"]
[Result "0-1"]
[WhiteElo "2301"]
[BlackElo "2641"]
[TimeControl "180+1"]
[EndTime "10:06:51 PDT"]
[Termination "Mikhail_Biryukov won by resignation"]

1. e4 c5 2. f4 e6 3. Nf3 Nc6 4. Bb5 Nge7 5. O-O g6 6. c3 Bg7 7. Na3 O-O 8. Nc2 d5 9. e5 d4 10.
cxd4 Nxd4 11. Ncxd4 cxd4 12. d3 a6 13. Bc4 b5 14. Bb3 Bb7 15. Bd2 a5 16. a4 b4 17.
Bc4 Qb6 18. b3 Nd5 19. Qe2 Nc3 20. Qf2 Rfd8 21. Rac1 Qc6 22. Bb5 Qc5 23. Bc4 Rac8 24. Rfe1 Bd5 25. Ng5 Bxc4 26. dxc4 Qc6 27. Qf3 Bf8 28.
Qxc6 Rxc6 29. Nf3 d3 30. Bxc3 bxc3 31. Rxc3 Bb4 32. Rcc1 d2 33. Nxd2 Rxd2 34. Red1 Rc8 35. g3 Bc5+ 36. Kh1 Rcd8 37. Rxd2 Rxd2 38. Rc3 Kf8 39. Rf3 h5 40. h4 Ke7 41. Rc3 Kd7 42.
Rf3 Kc6 43. Rc3 Bd4 44. Rf3 Kc5 45. Rf1 Rd3 0-1

[Event "*** Titled Tuesday Blitz"]
[Site "Chess.com"]
[Date "2020.05.26"]
[Round "1"]
[White "MariaFominykh"]
[Black "Kirill_Klukin"]
[Result "0-1"]
[WhiteElo "2347"]
[BlackElo "2708"]
[TimeControl "180+1"]
[EndTime "10:06:52 PDT"]
[Termination "Kirill_Klukin won by resignation"]

1. d4 Nf6 2. c4 Nc6 3. d5 Ne5 4.
Qc2 e6 5. e4 Bb4+ 6. Nc3 exd5 7.
cxd5 O-O 8. Be2 c6 9. dxc6 d5 10. exd5 Nxd5 11. Bd2 Nxc6 12. Nf3 Re8 13. O-O Nxc3 14.
Bxc3 Bxc3 15. bxc3 Qc7 16. Ng5 g6 17. Bc4 Ne5 18.
Bb3 Bf5 19. Ne4 Qc6 20. f3 Kg7 21. Qf2 Rac8 22. Qxa7 Bxe4 23. fxe4 Re7 24. Qd4 Qxc3 25. Rad1 Qxd4+ 26. Rxd4 Rc3 27. Rb4 Re3 28. h3 Re2 29. Rf2 Rxf2 30. Kxf2 Nd3+ 0-1

[Event "*** Titled Tuesday Blitz"]
[Site "Chess.com"]
[Date "2020.05.26"]
[Round "1"]
[White "adiosabu"]
[Black "Xeniya2005"]
[Result "1-0"]
[WhiteElo "2614"]
[BlackElo "2281"]
[TimeControl "180+1"]
[EndTime "10:06:52 PDT"]
[Termination "adiosabu won by resignation"]

1. e4 e6 2. d4 d5 3. Nc3 Bb4 4. e5 c5 5. a3 Bxc3+ 6. bxc3 Nc6 7. Nf3 Bd7 8. a4 Rc8 9. Bb5 Nge7 10. O-O O-O 11. Ba3 cxd4 12. cxd4 Na5 13. Bd3 h6 14. Nh4 Nc4 15. Bc1 Nf5 16. Nxf5 exf5 17. Qf3 Qc7 18.
Qxd5 Be6 19. Qf3 Rfd8 20. c3 Na5 21. Bxf5 Bxf5 22. Qxf5 Qxc3 23. Be3 Nb3 24. Rad1 Re8 25. g4 Rcd8 26. Rd3 Qc4 27. Rfd1 Na5 28. d5 g6 29. Qf3 Rxe5 30. Bxh6 Re4 31. Qf6 Rxg4+ 32. Kf1 1-0

[Event "*** Titled Tuesday Blitz"]
[Site "Chess.com"]
[Date "2020.05.26"]
[Round "1"]
[White "PavelChernomordik"]
[Black "Mizner"]
[Result "1-0"]
[WhiteElo "2221"]
[BlackElo "2538"]
[TimeControl "180+1"]
[EndTime "10:06:52 PDT"]
[Termination "PavelChernomordik won on time"]

1. e4 e6 2. Qe2 d5 3. exd5 Qxd5 4.
Nc3 Qa5 5. Nf3 Nf6 6. g3 c5 7.
Ne5 Nbd7 8. Nc4 Qd8 9. Bg2 Be7 10.
d3 O-O 11. Bf4 Nb6 12. O-O Nxc4 13. dxc4 Qb6 14. Nb5 Qa5 15. Bc7 Qb4 16. c3 Qa4 17. b3 Qa6 18. Bf4 Ne8 19. Rfd1 f6 20. Be3 Qb6 21.
a4 Qa5 22. Na3 Nd6 23. Rd3 Nf5 24. Rad1 Nxe3 25. Qxe3 a6 26. f4 Qb6 27. b4 Qc7 28. b5 axb5 29. Nxb5 Qb6 30. Ra1 Rd8 31. Rxd8+ Qxd8 32. Bh3 Qb6 33. Qd3 Qc6 34. Bg2 Qd7 35. Qe2 Ra6 36. Rd1 Bd6 37. Qd3 1-0

[Event "*** Titled Tuesday Blitz"]
[Site "Chess.com"]
[Date "2020.05.26"]
[Round "1"]
[White "Anna_ChessMate"]
[Black "NotFischer"]
[Result "1-0"]
[WhiteElo "2510"]
[BlackElo "2138"]
[TimeControl "180+1"]
[EndTime "10:06:52 PDT"]
[Termination "Anna_ChessMate won by resignation"]

1. d4 g6 2. c4 Bg7 3. Nf3 d6 4.
Nc3 Bg4 5. e3 Nc6 6. Be2 e5 7. O-O Nf6 8. h3 Bxf3 9. Bxf3 O-O 10. Bxc6 bxc6 11. dxe5 dxe5 12. Qf3 Qd7 13. Rd1 Qe6 14.
b3 Rab8 15. Ba3 Rfd8 16. Na4 Nd7 17. Rab1 e4 18. Qe2 f5 19. Bb2 Ne5 20. Bxe5 Qxe5 21. c5 Rd5 22. Qa6 Rbd8 23. Rxd5 Rxd5 24. Qxc6 Rd2 25.
Qa8+ Kf7 26. Qxa7 f4 27. c6 f3 28. Qc5 fxg2 29. Qxe5 Bxe5 30. Nc5 Rxa2 31. Nxe4 Ke6 32. b4 Rb2 33. Rxb2 Bxb2 34. b5 Kd5 35. Kxg2 Kxe4 36.
b6 1-0

[Event "*** Titled Tuesday Blitz"]
[Site "Chess.com"]
[Date "2020.05.26"]
[Round "1"]
[White "r31415"]
[Black "latixxa"]
[Result "0-1"]
[WhiteElo "2487"]
[BlackElo "2118"]
[TimeControl "180+1"]
[EndTime "10:06:52 PDT"]
[Termination "latixxa won by checkmate"]

1. d4 Nf6 2. c4 c5 3. d5 g6 4. Nc3 Bg7 5. e4 d6 6. f3 O-O 7. Be3 e6 8. Nge2 exd5 9. cxd5 a6 10.
a4 Ne8 11. g4 Nc7 12. Ng3 Nd7 13.
h4 Rb8 14. h5 b5 15. axb5 axb5 16. Qd2 b4 17. Nd1 Ne5 18. Be2 Bd7 19. Bh6 Qf6 20.
Bxg7 Qxg7 21. Ne3 Nb5 22. f4 Nd4 23. fxe5 Qxe5 24. Nef1 Bb5 25. hxg6 fxg6 26. Qh6 Rf7 27. Bxb5 Nxb5 28. Rh2 Rbf8 29. Qe3 Rf3 30. Qe2 Nd4 31. Qg2 Qf4 32. Kd1 Rxf1+ 33. Nxf1 Qxf1+ 34. Kd2 Qxa1 35. Qh3 Qxb2+ 36. Ke1 Qc1# 0-1

[Event "*** Titled Tuesday Blitz"]
[Site "Chess.com"]
[Date "2020.05.26"]
[Round "1"]
[White "MarcoRiehle"]
[Black "silverback96"]
[Result "1-0"]
[WhiteElo "2647"]
[BlackElo "2303"]
[TimeControl "180+1"]
[EndTime "10:06:53 PDT"]
[Termination "MarcoRiehle won by resignation"]

1. e4 e6 2. c4 d5 3. cxd5 exd5 4. Qb3 dxe4 5. Bc4 Qf6 6. Nc3 Qg6 7. Nge2 Bd6 8. d3 exd3 9. Nf4 Bxf4 10. Bxf4 Nf6 11.
O-O-O O-O 12. Bxd3 Bf5 13. Qxb7 Nbd7 14. Bxf5 Qxf5 15.
Qf3 Ne5 16. Bxe5 Qxe5 17. Rhe1 Qxh2 18. Re7 Qh6+ 19. Kb1 Qg6+ 20. Ka1 Rfd8 21. Rde1 Rab8 22. a3 Qc2 23. Qe2 Qxe2 24. R1xe2 c6 25. Rxa7 Re8 26.
Rxe8+ Rxe8 27. Rc7 Nd5 28. Rxc6 Nxc3 29. Rxc3 h5 30. a4 Ra8 31. Ra3 g5 32. a5 h4 33.
b4 g4 34. a6 h3 35. gxh3 gxh3 36. b5 h2 37. Rg3+ Kf8 38. Rh3 Rb8 39. a7 Re8 40.
Rxh2 Ke7 41. b6 Kd7 42. b7 Kc7 43. a8=Q 1-0

[Event "*** Titled Tuesday Blitz"]
[Site "Chess.com"]
[Date "2020.05.26"]
[Round "1"]
[White "Sergey85Rodchenkov"]
[Black "Nastasia28"]
[Result "1-0"]
[WhiteElo "2522"]
[BlackElo "2154"]
[TimeControl "180+1"]
[EndTime "10:06:53 PDT"]
[Termination "Sergey85Rodchenkov won by resignation"]

1. e4 c5 2. Nf3 e6 3. d4 cxd4 4. Nxd4 a6 5. Nc3 b5 6. Bd3 Bc5 7. Nb3 Ba7 8. O-O Nc6 9. Qe2 d6 10. Be3 Bxe3 11. Qxe3 Nf6 12. Rad1 O-O 13. f4 Qc7 14.
Kh1 Bb7 15. Rde1 Rfe8 16. e5 dxe5 17. fxe5 Ng4 18. Qh3 Ncxe5 19. Rxe5 Nxe5 20. Qxh7+ Kf8 21. Qh8+ Ke7 22. Qxg7 Rg8 23. Qf6+ Ke8 24. Be4 Ng4 25. Qh4 Ne3 26. Rg1 Rg4 27. Qh3 Bxe4 28. Qxe3 Qe5 29. Nxe4 Qxe4 30. Qh3 Rd8 31. Nc5 Ke7 32. Nxe4 Rxe4 33.
Qf3 1-0

[Event "*** Titled Tuesday Blitz"]
[Site "Chess.com"]
[Date "2020.05.26"]
[Round "1"]
[White "rpragchess"]
[Black "StockholmMissile"]
[Result "1-0"]
[WhiteElo "2844"]
[BlackElo "2411"]
[TimeControl "180+1"]
[EndTime "10:06:55 PDT"]
[Termination "rpragchess won by checkmate"]

1. d4 d5 2. Bf4 Nf6 3. e3 c5 4. c3 Nc6 5. Nd2 e6 6. Ngf3 Be7 7. Bd3 Nh5 8. Be5 Nxe5 9. Nxe5 Nf6 10.
Bb5+ Bd7 11. Nxd7 Nxd7 12. O-O O-O 13. Nf3 Nf6 14. Bd3 Bd6 15. Qe2 h6 16. Rad1 Qb6 17. Ne5 Qc7 18. f4 Nd7 19. Bb1 f5 20. g4 Qd8 21.
gxf5 exf5 22. Qg2 Nxe5 23. dxe5 Be7 24. Rxd5 Qc8 25. Rfd1 Qe6 26. Bd3 Kh8 27. Bc4 Qb6 28. b3 Rad8 29. Rd7 Rxd7 30. Rxd7 Re8 31. h3 Bf8 32. Qd5 Qg6+ 33. Kh2 Qh5 34. Qg8# 1-0

[Event "*** Titled Tuesday Blitz"]
[Site "Chess.com"]
[Date "2020.05.26"]
[Round "1"]
[White "Agent-JL"]
[Black "rakshi2005"]
[Result "0-1"]
[WhiteElo "2627"]
[BlackElo "2318"]
[TimeControl "180+1"]
[EndTime "10:06:55 PDT"]
[Termination "rakshi2005 won by resignation"]

1. e4 e5 2. Nf3 Nc6 3. Bb5 f5 4. d4 fxe4 5. Nxe5 Nf6 6. O-O Be7 7. f4 O-O 8. h3 Qe8 9. d5 Bc5+ 10. Kh1 Nxe5 11. fxe5 Qxe5 12. Bf4 Qxb2 13. c4 Qxa1 14. Qc2 Qd4 15. Bxc7 d6 16. Nd2 Bd7 17. Nb3 Qe3 18.
Nxc5 Qxc5 19. Bxd6 Qxd6 20. c5 Qxd5 21. Bc4 Bc6 22.
Bxd5+ Bxd5 23. Qb2 Rad8 24. a4 Kh8 25. Qe5 Rfe8 26.
Qg5 Re6 27. Re1 Bc6 28. Kh2 Rde8 29. Re3 Nd5 30. Rg3 R6e7 31. Rg4 e3 32. Rh4 Nf6 33. Qg3 e2 34. Qe1 Rd7 35. Rf4 Rd1 36. Qh4 e1=Q 37. Qg5 Qg1+ 38. Kg3 Rd3+ 39. Kh4 Qe1+ 40. g3 Qe7 41. g4 Qe1+ 0-1

[Event "*** Titled Tuesday Blitz"]
[Site "Chess.com"]
[Date "2020.05.26"]
[Round "1"]
[White "Chessmatus"]
[Black "Gromes7"]
[Result "1-0"]
[WhiteElo "2480"]
[BlackElo "2014"]
[TimeControl "180+1"]
[EndTime "10:06:55 PDT"]
[Termination "Chessmatus won by resignation"]

1. e4 c5 2. Nf3 d6 3. d4 cxd4 4. Nxd4 Nf6 5. Nc3 Nc6 6. Bg5 e6 7. Qd2 Be7 8. O-O-O O-O 9. f3 Nxd4 10. Qxd4 a6 11.
g4 Qc7 12. h4 b5 13. Kb1 Rd8 14. h5 Rb8 15. h6 b4 16. Ne2 e5 17. Qe3 g6 18. Ng3 Be6 19. Bd3 a5 20. Rhg1 a4 21. Nf5 b3 22. Nxe7+ Qxe7 23. cxb3 axb3 24. a3 d5 25.
exd5 Rxd5 26. Be4 Ra5 27. Qd2 Rxa3 28. bxa3 Qxa3 29. Bxf6 b2 30. Qd8+ Rxd8 31. Rxd8+ 1-0

[Event "*** Titled Tuesday Blitz"]
[Site "Chess.com"]
[Date "2020.05.26"]
[Round "1"]
[White "AtabayevSaparmyrat"]
[Black "Piotrek1979"]
[Result "1-0"]
[WhiteElo "2821"]
[BlackElo "2407"]
[TimeControl "180+1"]
[EndTime "10:06:56 PDT"]
[Termination "AtabayevSaparmyrat won by resignation"]

1. e4 c6 2. d4 d5 3. Nc3 dxe4 4. Nxe4 Bf5 5. Ng3 Bg6 6. N1e2 h6 7. Nf4 Bh7 8. Bc4 Nf6 9. O-O e6 10. Re1 Bd6 11.
Bxe6 fxe6 12. Nxe6 Qc8 13. Nxg7+ Kf7 14. N7h5 Bxg3 15.
hxg3 Qg4 16. Nxf6 Qxd1 17. Rxd1 Kxf6 18. c3 Bf5 19. Bf4 Nd7 20. d5 c5 21. f3 h5 22.
Kf2 Rae8 23. Re1 b6 24. Rh1 Bg6 25. Rae1 Rxe1 26. Rxe1 Re8 27. Rd1 c4 28. d6 Bd3 29.
Rd2 b5 30. b3 a5 31. bxc4 Bxc4 32. Be3 a4 33. a3 Kf5 34. Rd4 Re6 35. Rh4 Kg6 36. g4 hxg4 37. Rxg4+ Kf7 38. Rd4 Ne5 39. d7 Nxd7 40. Rxd7+ Ke8 41. Rd4 Ke7 42. g4 Kf7 43. f4 Re8 44. f5 Kf6 45. Kf3 Bb3 46. Kf4 Bc4 47. g5+ Kf7 48. g6+ Kf6 49. Rd6+ Kg7 50. Bd4+ Kg8 51. f6 Re1 52. f7+ Bxf7 53. gxf7+ Kxf7 54.
Rd5 1-0

[Event "*** Titled Tuesday Blitz"]
[Site "Chess.com"]
[Date "2020.05.26"]
[Round "1"]
[White "wnstop"]
[Black "zala02"]
[Result "1-0"]
[WhiteElo "2585"]
[BlackElo "2239"]
[TimeControl "180+1"]
[EndTime "10:06:56 PDT"]
[Termination "wnstop won by resignation"]

1. e4 c5 2. Nf3 Nc6 3. Bb5 g6 4. O-O Bg7 5. Bxc6 dxc6 6. d3 Nf6 7. h3 O-O 8. Nc3 b6 9. Be3 Ne8 10. Qd2 Nc7 11. Bh6 Ne6 12. e5 Nd4 13. Nxd4 cxd4 14. Ne4 Bxe5 15. Bxf8 Qxf8 16. f4 Bg7 17.
Ng3 Bf5 18. Nxf5 gxf5 19. g4 fxg4 20. hxg4 Rd8 21. Qg2 Rd6 22. Rae1 c5 23. g5 h6 24.
Re4 hxg5 25. fxg5 Rg6 26. Ref4 f6 27. Rg4 f5 28. Rg3 e6 29. Qh3 Be5 30. Rg2 Qg7 31.
Qh5 Bf6 32. Kf2 Rxg5 33. Qe8+ Qf8 34. Qxe6+ Qf7 35. Rxg5+ Bxg5 36. Qxf7+ Kxf7 37. Rh1 Be3+ 38. Kf3 a6 39. Rh7+ Kg6 40. Rb7 b5 41. Rb6+ Kg5 42.
Rxa6 c4 43. Rb6 cxd3 44. cxd3 1-0

[Event "*** Titled Tuesday Blitz"]
[Site "Chess.com"]
[Date "2020.05.26"]
[Round "1"]
[White "rogapa"]
[Black "ChelsieMonica"]
[Result "1-0"]
[WhiteElo "2724"]
[BlackElo "2362"]
[TimeControl "180+1"]
[EndTime "10:06:57 PDT"]
[Termination "rogapa won by checkmate"]

1. e4 e5 2. Nf3 Nc6 3. Bb5 Nf6 4. d3 Bc5 5. Bxc6 dxc6 6. Nbd2 Bd6 7. Nc4 Qe7 8. Bd2 O-O 9. Bc3 Bg4 10. h3 Bh5 11. g4 Nxg4 12. hxg4 Bxg4 13. Ne3 f5 14. exf5 Bxf5 15. Qe2 Bg6 16. O-O-O Rf4 17. Nc4 Raf8 18. Nfxe5 Rxf2 19. Qg4 Bf5 20. Qg3 Be6 21. Nxd6 cxd6 22. Nc4 d5 23. Nd6 g6 24. Qe5 R8f6 25. Qg5 Bg4 26. Bxf6 Rxf6 27. Qxg4 Qxd6 28. Qc8+ Kg7 29. Qxb7+ Rf7 30. Rxh7+ Kxh7 31. Qxf7+ Kh6 32. Rh1+ Kg5 33.
Rg1+ Kh6 34. a3 d4 35. Kb1 c5 36. Qg8 Qe5 37. Qxg6# 1-0

[Event "*** Titled Tuesday Blitz"]
[Site "Chess.com"]
[Date "2020.05.26"]
[Round "1"]
[White "gumimis"]
[Black "verdest"]
[Result "1-0"]
[WhiteElo "2196"]
[BlackElo "2522"]
[TimeControl "180+1"]
[EndTime "10:06:57 PDT"]
[Termination "gumimis won by resignation"]

1. e4 c5 2. Nf3 Nc6 3. d4 cxd4 4. Nxd4 Nf6 5. Nc3 e5 6. Ndb5 d6 7. a4 a6 8. Na3 Bg4 9. Be2 Bxe2 10. Qxe2 d5 11. Bg5 d4 12. Nd5 Nb4 13. Nxf6+ gxf6 14. Bh4 d3 15. Qf3 Be7 16. O-O dxc2 17. Rac1 Rc8 18. Qe2 Qd3 19. Qxd3 Nxd3 20. Rxc2 Rxc2 21. Nxc2 O-O 22.
b3 Bc5 23. Rd1 Rd8 24. Bxf6 Rd7 25. Kf1 Kf8 26. g3 Ke8 27. Ke2 Nxf2 28. Rxd7 Kxd7 29.
Bxe5 Nxe4 30. Ne3 Ke6 31. Bf4 Nf6 32. Kd3 Bd4 33. Kxd4 1-0

[Event "*** Titled Tuesday Blitz"]
[Site "Chess.com"]
[Date "2020.05.26"]
[Round "1"]
[White "Kobalia"]
[Black "Lovinski"]
[Result "1-0"]
[WhiteElo "2811"]
[BlackElo "2405"]
[TimeControl "180+1"]
[EndTime "10:06:58 PDT"]
[Termination "Kobalia won by resignation"]

1. e4 e5 2. Nf3 Nc6 3. Bb5 a6 4. Ba4 Nf6 5. O-O Be7 6. d3 b5 7.
Bb3 d6 8. a4 b4 9. a5 O-O 10. Nbd2 Rb8 11. Nc4 Be6 12. c3 h6 13.
h3 Re8 14. Re1 Bf8 15. Ba4 Bd7 16. Ne3 Ne7 17. Bb3 c5 18. Nc4 Nc6 19. Nb6 Nxa5 20.
Nxd7 Nxd7 21. Ba4 Re7 22. d4 Qc7 23. Qd3 c4 24. Qd1 Nc6 25. d5 Na5 26. cxb4 Nb3 27. Bxb3 cxb3 28. Qxb3 Qb7 29. Bd2 Nb6 30. Qa2 Ra8 31.
Rec1 Rc7 32. Rxc7 Qxc7 33. Rc1 Qb7 34. Rc6 Be7 35. Be3 Nd7 36. Qa4 Rc8 37. Nd2 Nf8 38.
Nc4 Rb8 39. Bd2 Qb5 40. Qxa6 Qxa6 41. Rxa6 Nd7 42. Nxd6 Bxd6 43. Rxd6 Nf6 44. f3 Rc8 45. Rc6 Ra8 46. b5 Ra1+ 47. Kh2 Rd1 48. Bc3 Nh5 49. b6 1-0

[Event "*** Titled Tuesday Blitz"]
[Site "Chess.com"]
[Date "2020.05.26"]
[Round "1"]
[White "CakeinSpace2002"]
[Black "Arek_pacitan"]
[Result "1-0"]
[WhiteElo "2230"]
[BlackElo "2549"]
[TimeControl "180+1"]
[EndTime "10:06:59 PDT"]
[Termination "CakeinSpace2002 won by resignation"]

1. e4 c5 2. Nf3 g6 3. a3 Bg7 4.
Bc4 e6 5. d3 a6 6. Ba2 Ne7 7. O-O O-O 8. Nc3 d5 9. Bg5 f6 10. Bh4 Nbc6 11. Re1 Kh8 12. Bg3 d4 13. Ne2 e5 14. Nd2 g5 15. h3 Ng6 16. Bh2 Qe7 17. Nf1 Nf4 18. Neg3 Bd7 19. Nf5 Bxf5 20. exf5 Qd6 21.
Ng3 b6 22. Ne4 Qd7 23. Bxf4 exf4 24. Be6 Qc7 25. Qh5 Ne5 26. g3 fxg3 27. fxg3 c4 28.
dxc4 Nxc4 29. Bxc4 Qxc4 30. Qe2 Qd5 31. Qf3 Rfe8 32. Nxg5 Qc5 33. Ne6 Qxc2 34. Rac1 Qxb2 35. Rc7 Bh6 36. Qb7 Be3+ 37. Kh1 1-0

[Event "*** Titled Tuesday Blitz"]
[Site "Chess.com"]
[Date "2020.05.26"]
[Round "1"]
[White "Rikikits"]
[Black "Ladislav1969"]
[Result "0-1"]
[WhiteElo "2629"]
[BlackElo "2318"]
[TimeControl "180+1"]
[EndTime "10:07:00 PDT"]
[Termination "Ladislav1969 won on time"]

1. e4 c5 2. Nf3 e6 3. d4 cxd4 4. Nxd4 a6 5. Bd3 d5 6. exd5 Qxd5 7. Nf3 Nc6 8. Nc3 Bb4 9. Bd2 Bxc3 10. Bxc3 e5 11. O-O Bg4 12. Re1 Bxf3 13. Qxf3 Qxf3 14. gxf3 f6 15. f4 O-O-O 16. fxe5 fxe5 17. Bxe5 Nxe5 18. Rxe5 Nf6 19. Re7 Nd5 20. Rf7 g6 21. a3 Rdf8 22.
Rxf8+ Rxf8 23. Re1 Nf4 24. Re3 Nxd3 25. Rxd3 Kc7 26.
Kf1 b5 27. f3 Kc6 28. Kf2 Rf5 29. Kg3 Rg5+ 30. Kf2 Rh5 31. Kg1 Rg5+ 32. Kf1 Rh5 33. Rd2 Kc5 34. Kf2 Rxh2+ 35. Ke3 Rxd2 36. Kxd2 g5 37.
Ke3 Kd5 38. b3 h5 39. c3 h4 40. Kf2 Ke5 41. Kg2 Kf4 42. a4 bxa4 43. bxa4 Ke3 44. a5 Kd3 45. Kh3 Kxc3 46. Kg4 Kb4 0-1

[Event "*** Titled Tuesday Blitz"]
[Site "Chess.com"]
[Date "2020.05.26"]
[Round "1"]
[White "TheBigBadChessDad"]
[Black "velemajstor767276"]
[Result "0-1"]
[WhiteElo "2248"]
[BlackElo "2589"]
[TimeControl "180+1"]
[EndTime "10:07:00 PDT"]
[Termination "velemajstor767276 won on time"]

1. e4 c5 2. Nf3 e6 3. c3 Nf6 4. e5 Nd5 5. d4 cxd4 6. cxd4 d6 7.
exd6 Bxd6 8. Nc3 Nxc3 9. bxc3 O-O 10. Bd3 Nd7 11. O-O b6 12. Re1 Bb7 13. Bc2 Ba6 14. Bg5 Qc7 15. Qd2 Rac8 16. Rac1 Rfe8 17. Bb1 Nf8 18. Re4 Ng6 19. h4 Bb7 20. h5 Bxe4 21. Bxe4 Bf4 22. Bxf4 Nxf4 23. h6 g6 24. g3 Nd5 25. c4 Nf6 26. Bd3 Rcd8 27. Qg5 Qe7 28. Qe5 Rd6 29. Re1 Red8 30. Bc2 R8d7 31. d5 Qd8 0-1

[Event "*** Titled Tuesday Blitz"]
[Site "Chess.com"]
[Date "2020.05.26"]
[Round "1"]
[White "Ranindu2003"]
[Black "madalin18"]
[Result "1-0"]
[WhiteElo "2518"]
[BlackElo "2149"]
[TimeControl "180+1"]
[EndTime "10:07:00 PDT"]
[Termination "Ranindu2003 won by resignation"]

1. e4 c5 2. Nf3 d6 3. d4 cxd4 4. Nxd4 Nf6 5. Nc3 a6 6. Be3 e5 7. Nb3 Be7 8. f3 Be6 9. Qd2 O-O 10. O-O-O Nbd7 11. Kb1 b5 12. a3 Rc8 13. g4 Nb6 14. g5 Nfd7 15. Na5 Nc4 16. Bxc4 Qxa5 17. Nd5 Qd8 18.
Nxe7+ Qxe7 19. Bxe6 Qxe6 20. Qxd6 Qxd6 21. Rxd6 Nc5 22.
Rd5 Na4 23. Rxe5 f6 24. gxf6 Rxf6 25. Re7 Rxf3 26. Bd4 Rf7 27. Rxf7 Kxf7 28. Rf1+ Kg8 29. Rf3 Rc4 30. c3 Rc8 31. Rf5 g6 32. Rd5 Rf8 33. b3 Rf1+ 34. Kc2 Rh1 35. bxa4 Rxh2+ 36. Kb3 bxa4+ 37.
Kxa4 g5 38. Rxg5+ Kf7 39. Rf5+ 1-0

[Event "*** Titled Tuesday Blitz"]
[Site "Chess.com"]
[Date "2020.05.26"]
[Round "1"]
[White "artichaud"]
[Black "lelajavakhishvili"]
[Result "0-1"]
[WhiteElo "2102"]
[BlackElo "2502"]
[TimeControl "180+1"]
[EndTime "10:07:00 PDT"]
[Termination "lelajavakhishvili won on time"]

1. e4 c5 2. Nf3 e6 3. d3 Nc6 4. g3 g6 5. Bg2 Bg7 6. O-O Nge7 7. c3 e5 8. Be3 d6 9. d4 exd4 10. cxd4 Bg4 11. d5 Bxb2 12. dxc6 Bxa1 13. cxb7 Rb8 14.
Nbd2 Bg7 15. Nc4 O-O 16. Qb3 Nc6 17. Rb1 Be6 18. Nfd2 Na5 19. Qa4 Nxb7 20. Qxa7 Qc7 21. e5 d5 22. Nd6 c4 23. Rxb7 Rxb7 24. Qxb7 Qxb7 25. Nxb7 Bxe5 26. Nf3 Bb2 27. Nc5 Ra8 28. Bd4 Rxa2 29. Nxe6 fxe6 30. Bxb2 Rxb2 31. Nd4 c3 32.
Bh3 Rd2 0-1